 Dungeon Crawl Stone Soup version 0.30.0-10-gfe55d96785 (webtiles) character file.

Game seed: 7106791038114985552

165 FishyPogo the Stinger (level 5, -3/37 HPs)
             Began as a Demonspawn Venom Mage on May 15, 2023.
             Slain by a steam dragon (4 damage)
             ... on level 3 of the Dungeon.
             The game lasted 00:17:25 (2586 turns).

FishyPogo the Stinger (Demonspawn Venom Mage)       Turns: 2586, Time: 00:17:25

Health: -3/37      AC:  4    Str:  9    XL:     5   Next: 21%
Magic:  1/9        EV: 12    Int: 22    God:
Gold:   164        SH:  0    Dex: 11    Spells: 2/10 levels left

rFire   . .          .
                       - Unarmed
rCold   . . .        (no shield)
rNeg    . . .        o - +0 robe of the Trees {Int+4}
rPois   .            (helmet restricted)
rElec   .            (no cloak)
rCorr   .            (no gloves)
SInv    .            (no boots)
Will    .....        (no amulet)
Stlth   ++           (no ring)
HPRegen 0.26/turn    (no ring)
MPRegen 0.11/turn

%: no passive effects
@: no status effects
A: antennae 1, claws 1, weakness stinger 1, hooves 1, iridescent scales 1,
clumsy 1, wild magic 1
a: no special abilities


You were on level 3 of the Dungeon.
You visited 1 branch of the dungeon, and saw 3 of its levels.

You collected 164 gold pieces.

Inventory:

Missiles
 a - 2 poisoned darts
 e - 22 stones
Armour
 c - a +2 ring mail of positive energy
 o - the +0 robe of the Trees (worn) {Int+4}
   (You took it off a goblin on level 2 of the Dungeon)

   Int:       It affects your intelligence (+4).
Magical Staves
 n - a staff of cold
Scrolls
 h - a scroll of identify
Potions
 g - 3 potions of degeneration


   Skills:
 + Level 1.1 Fighting
 * Level 1.9 Armour
 - Level 1.7 Dodging
 - Level 1.7 Stealth
 - Level 1.0 Unarmed Combat
 * Level 3.1 Spellcasting
 * Level 1.5 Conjurations
 - Level 1.0 Transmutations
 + Level 0.4 Air Magic
 + Level 3.5 Poison Magic


You had 2 spell levels left.
You knew the following spells:

 Your Spells              Type           Power      Damage    Failure   Level
a - Sting                 Tmut/Pois      68%        1d6       8%          1
b - Mephitic Cloud        Conj/Pois/Air  15%        N/A       24%         3
c - Olgreb's Toxic Radia  Pois           24%        N/A       36%         4

Your spell library contained the following spells:

 Spells                   Type           Power      Damage    Failure   Level
 Poisonous Vapours        Pois/Air       32%        N/A       13%         2
 Freezing Cloud           Conj/Ice/Air   4%         6-21      97%         5


Dungeon Overview and Level Annotations

Branches:
Dungeon (3/15)

Altars:

Shops:
D:1 [

Annotations:
D:2 1 runed translucent door, Crazy Yiuf
D:3 Terence


Innate Abilities, Weirdness & Mutations

You have a pair of small antennae on your head.
You have sharp fingernails.
You have a small tail.
You have large cloven feet.
You are partially covered in iridescent scales. (AC +2)
You are clumsy. (Dex -2)
Your spells are a little harder to cast, but a little more powerful.


Message History

Terence is severely wounded.
The steam dragon hisses angrily.
Casting: Sting (safe; 8% risk of failure)
Confirm with . or Enter, or press ? or * to list all spells.
Aiming: Sting (safe; 8% risk of failure)
Press: ? - help, Shift-Dir - straight line, f/p - Terence
Aim: Terence, wielding a +0 trident, wearing a +0 chain mail and carrying a wand of flame (14) (severely wounded, berserk, confused, poisoned, 94% to hit)
The sting misses Terence.
Casting: Sting (safe; 8% risk of failure)
Confirm with . or Enter, or press ? or * to list all spells.
Aiming: Sting (safe; 8% risk of failure)
Press: ? - help, Shift-Dir - straight line, f - steam dragon, p - Terence
Aim: a steam dragon (74% to hit)
The sting hits the steam dragon.
The steam dragon is poisoned.
The steam dragon is lightly wounded.
Terence rages.
Casting: Sting (safe; 8% risk of failure)
Confirm with . or Enter, or press ? or * to list all spells.
Aiming: Sting (safe; 8% risk of failure)
Press: ? - help, Shift-Dir - straight line, f/p - steam dragon
Aim: a steam dragon (lightly wounded, poisoned, 74% to hit)
The sting hits the steam dragon.
The steam dragon looks even sicker.
The steam dragon is lightly wounded.
The steam dragon breathes steam at you. The ball of steam misses you.
Casting: Sting (safe; 8% risk of failure)
Confirm with . or Enter, or press ? or * to list all spells.
Aiming: Sting (safe; 8% risk of failure)
Press: ? - help, Shift-Dir - straight line, f/p - steam dragon
Aim: a steam dragon (moderately wounded, very poisoned, 74% to hit)
The sting hits the steam dragon.
The steam dragon looks even sicker.
The steam dragon is moderately wounded.
The steam dragon bites you.
* * * LOW HITPOINT WARNING * * *
The steam dragon barely misses you.
The steam dragon attacks as you move away!
The steam dragon bites you!
* * * LOW HITPOINT WARNING * * *
The steam dragon claws you.
You die...

##....# { ....#.
##.....#########......
##.......'.....#..#<.# #
#........#.....#.......#
.........#######.... ..
..........#..)#...##.#.
.#........##)##§.......
.##....†#..#'#..D.##.#
##..@###..@.)#@....#
##'## #..#####.#### .#
#.# #.## .# .# #.# ##.##
.# ## ##.###...#####.#
##..........<...#
###.........÷.#####
...#..........#
...##.#.......#


You could see a steam dragon (very poisoned).

Vanquished Creatures
  Jessica (D:2)
  Natasha (D:3)
  4 adders
  A white imp (D:3)
  3 dart slugs (D:2)
  5 orcs
  4 endoplasms
  4 giant cockroaches
  9 goblins
  5 hobgoblins
  2 jackals (D:2)
  6 kobolds
  2 quokkas
  2 ball pythons
  4 bats
  4 frilled lizards
  2 rats (D:1)
59 creatures vanquished.

Notes
Turn   | Place    | Note
-------+----------+-------------------------------------------
     0 | D:1      | FishyPogo the Demonspawn Venom Mage began the quest for the
                  | Orb.
     0 | D:1      | Reached XP level 1. HP: 13/13 MP: 3/3
   105 | D:1      | Reached skill level 1 in Transmutations
   210 | D:1      | Found Nokh's Antique Armour Boutique.
   284 | D:1      | Discovered your monstrous ancestry.
   284 | D:1      | Gained mutation: You have sharp fingernails. [demonic
                  | ancestry]
   284 | D:1      | Reached XP level 2. HP: 19/19 MP: 3/5
   859 | D:1      | Reached skill level 1 in Armour
  1192 | D:2      | Gained mutation: You have a pair of small antennae on your
                  | head. [demonic ancestry]
  1192 | D:2      | Reached XP level 3. HP: 24/24 MP: 0/6
  1196 | D:2      | Learned a level 3 spell: Mephitic Cloud
  1286 | D:2      | Noticed Jessica
  1300 | D:2      | Killed Jessica
  1301 | D:2      | Reached skill level 1 in Unarmed Combat
  1601 | D:2      | Gained mutation: You have a small tail. [demonic ancestry]
  1601 | D:2      | Reached XP level 4. HP: 25/31 MP: 3/8
  1762 | D:2      | Identified the +0 robe of the Trees {Int+4}
  1783 | D:2      | Learned a level 4 spell: Olgreb's Toxic Radiance
  1868 | D:2      | Reached skill level 1 in Conjurations
  2077 | D:2      | Found a runed translucent door.
  2078 | D:2      | Noticed Crazy Yiuf
  2316 | D:3      | Noticed Terence
  2343 | D:3      | Reached skill level 1 in Fighting
  2500 | D:3      | Gained mutation: You are clumsy. (Dex -2) [potion of
                  | mutation]
  2500 | D:3      | Gained mutation: You are partially covered in iridescent
                  | scales. (AC +2) [potion of mutation]
  2500 | D:3      | Gained mutation: You have large cloven feet. [potion of
                  | mutation]
  2500 | D:3      | Gained mutation: Your spells are a little harder to cast,
                  | but a little more powerful. [potion of mutation]
  2532 | D:3      | Noticed Natasha
  2540 | D:3      | Killed Natasha
  2541 | D:3      | Reached XP level 5. HP: 18/37 MP: 3/9
  2576 | D:3      | Noticed a steam dragon
  2586 | D:3      | HP: 1/37 [steam dragon (10)]
  2586 | D:3      | Slain by a steam dragon

Illustrated notes

Levels and vault maps discovered:
D:1:      mushboom_english_gardens, layout_basic, serial_shops, shop
D:2:      layout_basic, uniq_jessica, uniq_crazy_yiuf_cottage
D:3:      layout_loops_corners, nicolae_ashenzari_panopticon, kennysheep_path_1,
          minmay_divided_ellipse, uniq_sigmund, uniq_natasha, uniq_terence,
          uniq_grinder

Skill      XL: |  1  2  3  4 |
---------------+-------------+-----
Transmutations | 1 |  1.0
Armour         | 1 |  1.9
Unarmed Combat | 1 |  1.0
Conjurations   | 1 |  1.5
Fighting       | 1 |  1.1
Spellcasting   | 3 |  3.1
Dodging        | |  1.7
Stealth        | |  1.7
Air Magic      | |  0.4
Poison Magic   | |  3.5

Action                     |  1- 3 |  4- 6 || total
---------------------------+-------+-------++-------
  Melee: Short sword       |    10 |       ||    10
         Unarmed           |    40 |    33 ||    73
         Tailslap          |       |     1 ||     1
   Cast: Sting             |    46 |    48 ||    94
         Mephitic Cloud    |       |     2 ||     2
    Use: Scroll            |       |     5 ||     5
         Potion            |       |     4 ||     4
   Stab: Sleeping          |       |     1 ||     1
 Armour: Ring mail         |    22 |       ||    22
         Robe              |       |     2 ||     2
         Skin              |       |     2 ||     2
  Dodge: Dodged            |    39 |    29 ||    68
